 Dungeon Crawl Stone Soup version 0.27-a0-1147-gb3d8e82157 (webtiles) character file.

Game seed: 4524051117527968017

59 Froggeryz the Cudgeller (level 4, -10/36 (41) HPs)
             Began as a Gnoll Chaos Knight on May 12, 2021.
             Was a Plaything of Xom.
             Killed by divine providence
             ... invoked by an orc priest
              (12 damage)
             ... on level 2 of the Dungeon.
             The game lasted 00:01:49 (2111 turns).

Froggeryz the Cudgeller (Gnoll Chaos Knight)        Turns: 2111, Time: 00:01:50

HP:   -10/36 (41)   AC: 12    Str: 13    XL:     4   Next: 3%
MP:   5/5           EV: 12    Int: 11    God:    Xom [.*....]
Gold: 59            SH:  0    Dex: 11    Spells: 5/5 levels left

rFire    . . .     SeeInvis .   a - +0 mace (chaos)
rCold    . . .     Faith    .   (no shield)
rNeg     . . .     Spirit   .   b - +2 leather armour
rPois    .         Reflect  .   e - +0 helmet
rElec    .         Harm     .   (no cloak)
rCorr    .         Rampage  .   k - +0 pair of gloves
Will     .....                  (no boots)
Stlth    +.........             (no amulet)
HPRegen  0.12/turn              o - +4 ring of protection
MPRegen  0.09/turn              (no ring)

@: heavily drained
A: fangs 1, strong nose, distributed training
a: Renounce Religion


You were on level 2 of the Dungeon.
You worshipped Xom.
You were a plaything of Xom.
You visited 1 branch of the dungeon, and saw 3 of its levels.

You collected 59 gold pieces.

Inventory:

Hand Weapons
 a - a +0 mace of chaos (weapon)
 m - a +1 hunting sling of freezing
Missiles
 c - 39 poisoned darts (quivered)
 n - 37 stones
Armour
 b - a +2 leather armour (worn)
 e - a +0 helmet (worn)
 g - a +0 kite shield
 k - a +0 pair of gloves (worn)
Jewellery
 o - a +4 ring of protection (left hand)
Scrolls
 d - a scroll of blinking {unknown}
 f - a scroll of fog {unknown}
 i - a scroll of teleportation {unknown}
 j - a scroll of torment {unknown}
 l - a scroll of immolation {unknown}
Potions
 h - a potion of curing {unknown}


   Skills:
 + Level 6.5 Fighting
 + Level 1.0 Short Blades
 + Level 1.0 Long Blades
 + Level 1.0 Axes
 + Level 6.5 Maces & Flails
 + Level 1.0 Polearms
 + Level 1.0 Staves
 + Level 1.0 Slings
 + Level 1.0 Bows
 + Level 1.0 Crossbows
 + Level 1.0 Throwing
 + Level 4.6 Armour
 + Level 2.7 Dodging
 + Level 1.0 Stealth
 + Level 1.0 Shields
 + Level 1.0 Unarmed Combat
 + Level 1.0 Spellcasting
 + Level 0.7 Conjurations
 + Level 0.7 Hexes
 + Level 0.7 Summonings
 + Level 0.7 Necromancy
 + Level 0.7 Translocations
 + Level 0.7 Transmutations
 + Level 0.7 Fire Magic
 + Level 0.7 Ice Magic
 + Level 0.7 Air Magic
 + Level 0.7 Earth Magic
 + Level 0.7 Poison Magic
 + Level 1.1 Invocations
 + Level 1.0 Evocations


You had 5 spell levels left.
You didn't know any spells.
Your spell library contained the following spells:

 Spells                   Type           Power      Damage    Failure   Level
 Beastly Appendage        Tmut           4%         N/A       28%         1
 Wereblood                Tmut           2%         N/A       41%         2
 Spider Form              Tmut/Pois      1%         N/A       65%         3
 Ice Form                 Ice/Tmut       2%         N/A       96%         4
 Hydra Form               Tmut           1%         N/A       100%        5


Dungeon Overview and Level Annotations

Branches:
Dungeon (3/15)

Altars:
Makhleb


Innate Abilities, Weirdness & Mutations

You have very sharp teeth.
Your uncanny sense of smell can sniff out nearby items.
Your experience applies equally to all skills.


Message History

The orc priest miscasts a cantrip.
There is a stone staircase leading up here.
You start resting.
An orc is nearby!
You closely miss the orc. The orc hits you but does no damage.
You climb upwards.
There is a stone staircase leading down, spattered with blood here.
You hit the orc. You bite the orc, but do no damage.
The orc is moderately wounded.
The orc hits you with a +0 club.
You hit the orc. Lightning courses through the orc!
You kill the orc!
No target in view!
No target in view!
Things that are here:
a +0 club; a +0 leather armour; an orc corpse
There is a stone staircase leading down, spattered with blood here.
You start resting.
HP restored.
You climb downwards.
The orc hits you but does no damage.
You are electrocuted!
The orc closely misses you.
The orc priest calls down the wrath of Beogh upon you.
Beogh smites you!
* * * LOW HITPOINT WARNING * * *
A shower of butterflies erupts from you!
You hear a shout!
There is a stone staircase leading up here.
The orc priest looks braver for a moment.
The orc barely misses you.
The orc priest hits you with a +0 war axe!
* * * LOW HITPOINT WARNING * * *
The orc priest completely misses your butterfly.
The orc priest closely misses your butterfly.
You climb upwards.
Your summoned allies are left behind.
There is a stone staircase leading down, spattered with blood here.
Okay, then.
The orc priest mumbles some strange prayers to Beogh against you.
Beogh smites you!
You die...
Xom giggles madly!

#.#.# #.# #...........
#.#.## #.#####.#########
#....#####.##....#
#...........#.####
##...#####รท....###########
##.## #.................
#...####[.....########...
#.....o>o....## #......
#...####@....######.##.##
##### #............##.#
###.#.......###.##
####.#######.# #.##
#........###.###.##
#.##.............##
#.##..##.###.###.##
#.##..##.###.......
#.##..##.#.........


You could see an orc priest and an orc.

Vanquished Creatures
  An adder (D:3)
  A dart slug (D:3)
  An orc (D:2)
  4 endoplasms (D:2)
  2 giant cockroaches (D:1)
  A goblin (D:2)
  4 hobgoblins
  4 jackals
  5 kobolds
  2 quokkas
  5 ball pythons
  3 bats
  4 frilled lizards
  6 rats
43 creatures vanquished.

Notes
Turn   | Place    | Note
-------+----------+-------------------------------------------
     0 | D:1      | Froggeryz the Gnoll Chaos Knight began the quest for the
                  | Orb.
     0 | D:1      | Reached XP level 1. HP: 23/23 MP: 1/1
    68 | D:1      | XOM: silly message
   153 | D:1      | Reached XP level 2. HP: 29/29 MP: 2/2
   269 | D:1      | XOM: silly message
   387 | D:1      | XOM: divination: detect items
   919 | D:2      | XOM: noise
  1055 | D:2      | Reached XP level 3. HP: 35/35 MP: 3/3
  1113 | D:2      | XOM: noise
  1476 | D:2      | Reached skill level 1 in Invocations
  1556 | D:2      | Found a burning altar of Makhleb.
  1696 | D:2      | XOM: draining
  1866 | D:3      | Reached skill level 1 in Short Blades
  1866 | D:3      | Reached skill level 1 in Long Blades
  1866 | D:3      | Reached skill level 1 in Axes
  1866 | D:3      | Reached skill level 1 in Polearms
  1866 | D:3      | Reached skill level 1 in Staves
  1866 | D:3      | Reached skill level 1 in Slings
  1866 | D:3      | Reached skill level 1 in Bows
  1866 | D:3      | Reached skill level 1 in Crossbows
  1866 | D:3      | Reached skill level 1 in Throwing
  1866 | D:3      | Reached skill level 1 in Stealth
  1866 | D:3      | Reached skill level 1 in Shields
  1866 | D:3      | Reached skill level 1 in Unarmed Combat
  1866 | D:3      | Reached skill level 1 in Spellcasting
  1866 | D:3      | Reached skill level 1 in Evocations
  1866 | D:3      | Reached XP level 4. HP: 13/36 MP: 5/5
  1964 | D:3      | XOM: 2-stop teleportation journey
  2108 | D:3      | XOM: butterfly on damage
  2111 | D:2      | Killed from afar by an orc priest

Illustrated notes

Levels and vault maps discovered:
D:1:      mrwooster_arrival_statue_2, layout_basic
D:2:      layout_loops_ring, basic_altar
D:3:      layout_basic, serial_shops, shop, basic_ecumenical_altar,
          uniq_crazy_yiuf_cottage

Skill      XL: |  1  2  3 |
---------------+----------+-----
Invocations    | 1 |  1.1
Short Blades   | 1 |  1.0
Long Blades    | 1 |  1.0
Axes           | 1 |  1.0
Polearms       | 1 |  1.0
Staves         | 1 |  1.0
Slings         | 1 |  1.0
Bows           | 1 |  1.0
Crossbows      | 1 |  1.0
Throwing       | 1 |  1.0
Stealth        | 1 |  1.0
Shields        | 1 |  1.0
Unarmed Combat | 1 |  1.0
Spellcasting   | 1 |  1.0
Evocations     | 1 |  1.0
Fighting       | |  6.5
Maces & Flails | |  6.5
Armour         | |  4.6
Dodging        | |  2.7
Conjurations   | |  0.7
Hexes          | |  0.7
Summonings     | |  0.7
Necromancy     | |  0.7
Translocations | |  0.7
Transmutations | |  0.7
Fire Magic     | |  0.7
Ice Magic      | |  0.7
Air Magic      | |  0.7
Earth Magic    | |  0.7
Poison Magic   | |  0.7

Action                   |  1- 3 |  4- 6 || total
-------------------------+-------+-------++-------
Melee: Mace              |   141 |     3 ||   144
       Bite              |     9 |     1 ||    10
 Stab: Sleeping          |     2 |       ||     2
Armor: Leather armour    |    67 |     2 ||    69
Dodge: Dodged            |   103 |     2 ||   105

Table legend: (Time is in decaauts)
 A = Elapsed time spent in this place.
 B = Non-inter-level travel time spent in this place.
 C = Inter-level travel time spent in this place.
 D = Time resting spent in this place.
 E = Time spent auto-exploring this place.
 F = Levels seen in this place.
 G = Mean time per level.
                   A        B        C        D        E       F      G
               +--------+--------+--------+--------+--------+-----+--------+
         Total |   2122 |   2039 |     83 |    199 |   1478 |   3 |  707.3 |
       Dungeon |   2122 |   2039 |     83 |    199 |   1478 |   3 |  707.3 |
               +--------+--------+--------+--------+--------+-----+--------+

Top non-repeatable levels by time:
     D:2: 1020 daAuts
     D:1: 922 daAuts
     D:3: 179 daAuts
